 Dungeon Crawl Stone Soup version 0.23.1-37-gaa34b87b72 (webtiles) character file.

Game seed: 1763675814922718011

680 Marnok the Twirler (level 7, 0/78 HPs)
             Began as a Demonspawn Gladiator on Mar 26, 2019.
             Slain by Duvessa
             ... wielding a +0 rapier
              (2 damage)
             ... on level 5 of the Dungeon.
             The game lasted 00:14:01 (3701 turns).

Marnok the Twirler (Demonspawn Gladiator)           Turns: 3701, Time: 00:14:01

Health: 0/78       AC: 23    Str: 19    XL:     7   Next: 34%
Magic:  7/7        EV:  2    Int:  9    God:
Gold:   149        SH:  0    Dex: 17    Spells: 6/6 levels left

rFire    + . .     SeeInvis .   a - +0 quarterstaff
rCold    + . .     Gourm    .   (shield currently unavailable)
rNeg     + + +     Faith    .   (armour currently unavailable)
rPois    +         Spirit   .   (helmet currently unavailable)
rElec    +         Reflect  .   (cloak currently unavailable)
rCorr    +         Harm     .   (gloves currently unavailable)
MR       +....     NoTele   +   (boots currently unavailable)
Stlth    ++........             (no amulet)
HPRegen  0.23/turn              u - ring of protection from magic
MPRegen  0.10/turn              (no ring)

@: mighty, lethally poisoned (0 -> -6), tree-form, resistant, hasted, invisible,
very quick
A: rot immunity
a: no special abilities


You were on level 5 of the Dungeon.
You were not hungry.
You were a tree.
You visited 1 branch of the dungeon, and saw 6 of its levels.

You collected 149 gold pieces.

Inventory:

Hand Weapons
 a - a +0 quarterstaff (weapon)
Missiles
 d - 3 throwing nets (quivered)
 i - 67 sling bullets
Armour
 b - a +0 leather armour
 c - a +0 helmet
 p - a +1 leather armour of magic resistance (melded)
 v - a cursed +0 helmet (melded)
 x - a +0 buckler of reflection
Jewellery
 u - a ring of protection from magic (left branch)
Wands
 y - a wand of random effects (22)
Scrolls
 j - a scroll of identify {unknown}
 l - 2 scrolls of remove curse {unknown}
 n - a scroll of fear
 o - a scroll of enchant armour {unknown}
 q - a scroll of enchant weapon {unknown}
 r - a scroll of fog {unknown}
 s - a scroll of random uselessness {unknown}
 t - a scroll of magic mapping {unknown}
Potions
 g - a potion of resistance
 h - a potion of haste
 w - a potion of degeneration {unknown}
 z - a potion of agility {unknown}
Comestibles
 f - 9 rations
 A - 2 chunks of flesh


   Skills:
 + Level 3.5 Fighting
 + Level 5.6 Staves
 + Level 1.8 Throwing
 + Level 2.9 Armour
 + Level 3.8 Dodging
 + Level 1.5 Stealth


You had 6 spell levels left.
You didn't know any spells.
Your spell library was empty.

Dungeon Overview and Level Annotations

Branches:
Dungeon (6/15)
 Temple: D:4-7

Altars:
Elyvilon

Annotations:
D:5 Duvessa


Innate Abilities, Weirdness & Mutations

((You have sharp toenails.))
((You are partially covered in icy blue scales. (AC +2)))
You are immune to rotting.


Message History

It was a potion of resistance.
You feel protected.
* * * LOW HITPOINT WARNING * * *
You feel sick. Duvessa hits you with a +0 rapier.
* * * LOW HITPOINT WARNING * * *
It was a potion of haste.
You feel yourself speed up.
* * * LOW HITPOINT WARNING * * *
You feel sick. Duvessa completely misses you. Duvessa barely misses you.
It was a potion of lignification.
You turn into a tree.
Your cursed +0 helmet melds into your body.
Your +1 leather armour of magic resistance melds into your body.
You feel less resistant to hostile enchantments.
Your roots penetrate the ground.
* * * LOW HITPOINT WARNING * * *
You feel sick. Duvessa hits you but does no damage.
It was a potion of invisibility.
You fade into invisibility!
* * * LOW HITPOINT WARNING * * *
You feel sick. Duvessa hits you with a +0 rapier.
You die...

.# #...# #...#...##
.. .# #...#
#...###.)##.... ..
#...# #...#
#........ .. #...#
#...###.#####.. .#
#...# #...#...# ##
#...# #...#..##
#...# #...#...##
#...# #...#....###
#...###...#.♣....#
#....#....#)e.#.....
##.......##..######.
##.....##...# .
##...##....# .
#####.....# .
....... . #...#... .


You could see Duvessa (berserk).

Vanquished Creatures
  An ice beast (D:5)
  A phantom (D:5)
  A centaur (D:4)
  Blork the orc (D:5)
  A scorpion (D:4)
  Dowan (D:5)
  A crimson imp (D:4)
  A jelly (D:5)
  A bullfrog skeleton (D:4)
  2 worker ants
  A killer bee zombie (D:5)
  3 adders
  A shadow imp (D:5)
  2 worms
  2 dart slugs
  2 leopard geckos
  An orc (D:5)
  5 bats
  2 giant cockroaches (D:5)
  3 goblins
  5 hobgoblins
  4 jackals (D:3)
  2 kobolds (D:1)
  6 frilled lizards
  A leopard gecko skeleton (D:5)
  7 rats
58 creatures vanquished.

Notes
Turn   | Place    | Note
-------+----------+-------------------------------------------
     0 | D:1      | Marnok the Demonspawn Gladiator began the quest for the
                  | Orb.
     0 | D:1      | Reached XP level 1. HP: 16/16 MP: 1/1
     3 | D:1      | Noticed an electric eel
     4 | D:1      | Noticed an electric eel
   226 | D:2      | Reached skill level 3 in Staves
   226 | D:2      | Gained mutation: You are immune to rotting. [demonic
                  | ancestry]
   226 | D:2      | Reached XP level 2. HP: 3/22 MP: 2/2
   230 | D:2      | HP: 1/22 [poisoned by an adder]
   556 | D:2      | Found a white marble altar of Elyvilon.
   678 | D:2      | Gained mutation: You are partially covered in icy blue
                  | scales. (AC +2) [demonic ancestry]
   678 | D:2      | Reached XP level 3. HP: 27/27 MP: 3/3
  1405 | D:3      | Gained mutation: You have sharp toenails. [demonic
                  | ancestry]
  1405 | D:3      | Reached XP level 4. HP: 26/33 MP: 4/4
  2038 | D:4      | Reached skill level 4 in Staves
  2038 | D:4      | Reached skill level 1 in Armour
  2038 | D:4      | Reached XP level 5. HP: 28/39 MP: 5/5
  2153 | D:4      | Reached skill level 1 in Stealth
  2340 | D:5      | Entered Level 5 of the Dungeon
  2375 | D:4      | Noticed a centaur
  2385 | D:4      | Killed a centaur
  2385 | D:4      | Reached XP level 6. HP: 16/46 MP: 6/6
  2806 | D:5      | Noticed an ice beast
  2813 | D:5      | Killed an ice beast
  2813 | D:5      | Reached skill level 5 in Staves
  3552 | D:5      | Noticed Blork the orc
  3565 | D:5      | Killed Blork the orc
  3565 | D:5      | Reached XP level 7. HP: 52/52 MP: 7/7
  3681 | D:5      | Noticed Dowan
  3683 | D:5      | Noticed Duvessa
  3691 | D:5      | Killed Dowan
  3700 | D:5      | HP: 3/78 [poisoned by Dowan]
  3701 | D:5      | Slain by Duvessa

Skill      XL: |  1  2  3  4  5  6 |
---------------+-------------------+-----
Staves         | 3 4 5 |  5.6
Dodging        | 3 |  3.8
Armour         | 1 2 |  2.9
Stealth        | 1 |  1.5
Fighting       | 3 |  3.5
Throwing       | |  1.8

Action                   |  1- 3 |  4- 6 |  7- 9 || total
-------------------------+-------+-------+-------++-------
Melee: Quarterstaff      |    81 |    85 |    21 ||   187
       Kick              |       |    21 |    11 ||    32
  Use: Potion            |     2 |     1 |     5 ||     8
       Scroll            |     2 |       |       ||     2
 Stab: Sleeping          |     2 |     1 |     1 ||     4
  Eat: Chunk             |       |     5 |       ||     5
       Ration            |       |     1 |       ||     1
Armor: Leather armour    |    22 |    16 |     5 ||    43
       Skin              |       |       |     1 ||     1
Dodge: Dodged            |    55 |    56 |    15 ||   126
